 Dungeon Crawl Stone Soup version 0.29-a0-1065-g47a6bb87d6 (webtiles) character file.

Game seed: 1393874662378006920

7001 Maluco the Destroyer (level 10, -10/81 HPs)
             Began as a Demigod Conjurer on Aug 18, 2022.
             Shot with an arrow by a centaur warrior (13 damage)
             ... on level 9 of the Dungeon.
             The game lasted 02:00:39 (10629 turns).

Maluco the Destroyer (Demigod Conjurer)            Turns: 10629, Time: 02:00:39

Health: -10/81     AC: 11    Str:  8    XL:     10   Next: 52%
Magic:  33/33      EV:  7    Int: 32    God:
Gold:   499        SH:  5    Dex: 12    Spells: 20/23 levels left

rFire   + + +      SeeInvis .   s - +6 short sword "Embalmer" {pain, Contam rElec rF+++ Will-}
rCold   . . .      Faith    .   x - +0 buckler
rNeg    . . .      Spirit   .   V - +0 scale mail
rPois   .          Reflect  .   p - +2 helmet
rElec   +          Harm     .   l - +0 cloak
rCorr   .          Rampage  .   (no gloves)
Will    +....                   i - +0 pair of boots
Stlth   +.........              (no amulet)
HPRegen 0.23/turn               o - ring of willpower
MPRegen 0.23/turn               J - ring of magical power

@: no status effects
A: high MP 1, forlorn, divine attributes
a: no special abilities


You were on level 9 of the Dungeon.
You visited 1 branch of the dungeon, and saw 9 of its levels.
You also visited: Bailey.

You collected 499 gold pieces.

Inventory:

Hand Weapons
 g - a +2 trident of venom
 s - the +6 short sword "Embalmer" (weapon) {pain, Contam rElec rF+++ Will-}
   (You found it on level 3 of the Dungeon)

   In the hands of one skilled in necromantic magic, it inflicts extra damage on
   living creatures.
   rF:        It renders you almost immune to fire.
   rElec:     It insulates you from electricity.
   Contam:    It causes magical contamination when unequipped.
   Will:      It decreases your willpower.
 K - a +2 shortbow of flaming
 L - a +2 vorpal flail
 N - a +2 falchion of protection
 O - a +2 dagger of speed
 R - a +2 halberd of draining
 U - a +4 battleaxe
Missiles
 q - 30 poisoned darts
 Q - 4 curare-tipped darts
Armour
 d - a +0 leather armour
 i - a +0 pair of boots (worn)
 l - a +0 cloak (worn)
 p - a +2 helmet (worn)
 x - a +0 buckler (worn)
 y - a +0 ring mail
 V - a +0 scale mail (worn)
Jewellery
 o - a ring of willpower (left hand)
 I - a ring of flight
 J - a ring of magical power (right hand)
 T - a ring of fire
 X - a ring of see invisible
Wands
 u - a wand of polymorph (9)
 C - a wand of roots (13)
Scrolls
 a - a scroll of poison {unknown}
 f - 2 scrolls of fear {unknown}
 h - a scroll of torment {unknown}
 k - 13 scrolls of identify {unknown}
 m - 3 scrolls of butterflies {unknown}
 r - 3 scrolls of blinking {unknown}
 t - 2 scrolls of enchant weapon {unknown}
 B - a scroll of vulnerability {unknown}
 E - 4 scrolls of teleportation {unknown}
 F - 3 scrolls of magic mapping {unknown}
 M - 2 scrolls of enchant armour {unknown}
 W - a scroll of noise {unknown}
 Z - a scroll of silence {unknown}
Potions
 b - 5 potions of magic
 c - a potion of lignification {unknown}
 e - 5 potions of heal wounds {unknown}
 j - 3 potions of curing
 n - 5 potions of mutation {unknown}
 v - 2 potions of degeneration {unknown}
 w - 6 potions of might {unknown}
 z - a potion of cancellation {unknown}
 A - 4 potions of flight {unknown}
 D - 2 potions of attraction {unknown}
 G - 2 potions of ambrosia {unknown}
 H - 4 potions of haste {unknown}
 P - 3 potions of invisibility {unknown}
 S - 2 potions of brilliance {unknown}


   Skills:
 - Level 5.1 Fighting
 - Level 0.2 Long Blades
 - Level 0.1(0.3) Axes
 - Level 0.1(0.4) Maces & Flails
 - Level 0.1(0.4) Polearms
 - Level 0.5(0.6) Staves
 - Level 0.1 Ranged Weapons
 - Level 0.1 Throwing
 - Level 2.0 Dodging
 - Level 2.1 Stealth
 + Level 5.0 Shields
 - Level 7.1 Spellcasting
 - Level 10.7 Conjurations
 * Level 2.7 Hexes
 - Level 0.2 Summonings
 - Level 0.2 Necromancy
 - Level 0.5 Translocations
 - Level 0.2 Transmutations
 - Level 0.2 Fire Magic
 - Level 0.2 Ice Magic
 - Level 0.2 Air Magic
 * Level 1.4 Earth Magic
 - Level 0.2 Poison Magic
 - Level 0.3 Evocations


You had 20 spell levels left.
You knew the following spells:

 Your Spells              Type           Power      Damage    Failure   Level
a - Magic Dart            Conj           100%       1d8       1%          1
b - Searing Ray           Conj           100%       2d8       1%          2

Your spell library contained the following spells:

 Spells                   Type           Power      Damage    Failure   Level
 Foxfire                  Conj/Fire      100%       2x1d9     6%          1
 Shock                    Conj/Air       100%       1d9       6%          1
 Dazzling Flash           Conj/Hex       100%       N/A       11%         3
 Conjure Flame            Conj/Fire      46%        6-21      17%         3
 Mephitic Cloud           Conj/Pois/Air  35%        N/A       34%         3
 Fulminant Prism          Conj/Hex       26%        3d14      34%         4
 Sting                    Tmut/Pois      48%        1d5       45%         1
 Flame Wave               Conj/Fire      46%        2d12      50%         4
 Iskenderun's Mystic Bla  Conj/Tloc      47%        2d10      50%         4
 Call Imp                 Summ           12%        N/A       58%         2
 Poisonous Vapours        Pois/Air       24%        N/A       58%         2
 Inner Flame              Hex/Fire       20%        N/A       65%         3
 Ozocubu's Armour         Ice            12%        N/A       83%         3
 Swiftness                Air            12%        N/A       83%         3
 Airstrike                Air            6%         2d(1-17)  99%         4
 Corpse Rot               Necr/Pois/Air  12%        N/A       99%         4
 Olgreb's Toxic Radiance  Pois           12%        N/A       99%         4
 Summon Ice Beast         Ice/Summ       12%        N/A       99%         4
 Summon Lightning Spire   Summ/Air       12%        N/A       99%         4
 Metabolic Englaciation   Hex/Ice        10%        N/A       100%        5
 Summon Mana Viper        Hex/Summ       20%        N/A       100%        5
 Simulacrum               Ice/Necr       6%         N/A       100%        6
 Monstrous Menagerie      Summ           6%         N/A       100%        7
 Storm Form               Tmut/Air       6%         N/A       100%        7
 Maxwell's Capacitive Co  Air            6%         ∞         100%        8


Dungeon Overview and Level Annotations

Branches:
Dungeon (9/15)             Temple (0/1) D:7          Bailey (visited)
   Lair: D:8-11         Orc: D:9-12

Annotations:
D:3 Eustachio


Innate Abilities, Weirdness & Mutations

You have an increased reservoir of magic. (+10% MP)
You shall have no god before yourself.
Your divine heritage dramatically boosts your attributes as you level up.


Message History

The ball of steam hits you. You resist.
The searing ray hits the steam dragon!
You kill the steam dragon!
Your life force feels restored.
The centaur warrior shouts!
The centaur warrior shoots an arrow.
The arrow hits you.
The centaur warrior shoots an arrow.
The arrow hits you!
Throw: 4 darts (curare)
Press: ? - help, Q - select action, (/) - cycle Shift-Dir - straight line, f - centaur warrior
Aim: a centaur warrior, wielding a +0 shortbow (67% to hit)
Okay, then.
Aiming: Magic Dart (safe; 1% risk of failure)
Press: ? - help, Q - select action, (/) - cycle Shift-Dir - straight line, f - centaur warrior
Aim: a centaur warrior, wielding a +0 shortbow (100% to hit)
The magic dart hits the centaur warrior but does no damage.
The centaur warrior shoots an arrow.
The arrow hits you.
Aiming: Magic Dart (safe; 1% risk of failure)
Press: ? - help, Q - select action, (/) - cycle Shift-Dir - straight line, f/p - centaur warrior
Aim: a centaur warrior, wielding a +0 shortbow (100% to hit)
The magic dart hits the centaur warrior.
The centaur warrior is lightly wounded.
The centaur warrior shoots an arrow.
The arrow hits you.
The centaur warrior shoots an arrow.
You block the arrow.
The centaur warrior shoots an arrow.
The arrow barely misses you.
The centaur warrior shoots an arrow.
The arrow hits you.
The centaur warrior shoots an arrow.
You block the arrow.
There is a stone staircase leading down, spattered with blood here.
The centaur warrior shoots an arrow.
The arrow hits you!
The centaur warrior shoots an arrow.
You block the arrow.
The centaur warrior shoots an arrow.
The arrow hits you!
The centaur warrior shoots an arrow.
The arrow hits you!!
* * * LOW HITPOINT WARNING * * *
You feel better.
The centaur warrior shoots an arrow.
You block the arrow.
The centaur warrior shoots an arrow.
The arrow barely misses you.
The centaur warrior shoots an arrow.
The arrow hits you!
* * * LOW HITPOINT WARNING * * *
The centaur warrior shoots an arrow.
The arrow hits you!
* * * LOW HITPOINT WARNING * * *
The centaur warrior shoots an arrow.
The arrow hits you!
You die...

#.#.......#..........##....#.....
.<........#.#........##....####.†
##........#.#....#...##.#.....#..
##.#...........#...........##.#..
......##..#...........#.##.##.#..
......#...#..#.#........#.......#
......#...#............c....#....
......#.....)#..........#...##.##
#######......<..@...#.#.#...#....
...................##...#>..#..##
.................####...#........
...........>.....# #.#.##.......
.................# .....##...#...
.................# .....##c......
.................##.....##.#...#.
#####............# ..............
#............# ....###.......


You could see a centaur warrior.

Vanquished Creatures
  Pikel (D:4)
  A cyclops (D:8)
  Prince Ribbit (D:8)
  10 yaks
  A wyvern (D:7)
  A steam dragon (D:9)
  An acid dragon (D:9)
  A water moccasin (D:8)
  4 orc warriors
  An ice beast (D:7)
  2 sky beasts
  A black bear (D:4)
  An ogre (D:6)
  2 centaurs
  3 phantoms
  3 kobold brigands
  3 bullfrogs
  A necrophage (D:5)
  A scorpion (D:4)
  13 wights
  12 killer bees
  6 howler monkeys
  A quasit (D:6)
  4 hounds
  2 jellies (D:6)
  4 orc priests
  2 iguanas (D:6)
  Jessica (D:2)
  3 orc wizards
  Robin (D:2)
  17 gnolls
  7 adders
  5 shadow imps
  8 white imps
  2 ufetubi
  A worm (D:3)
  4 dart slugs
  27 orcs
  3 bats
  6 endoplasms
  A giant cockroach (D:1)
  13 goblins
  4 hobgoblins
  4 jackals (D:2)
  24 kobolds
  2 quokkas
  5 ball pythons
  2 frilled lizards (D:1)
  6 rats
  A toadstool (D:1)
230 creatures vanquished.

Vanquished Creatures (others)
  9 demonic plants (D:6)
  3 toadstools (D:1)
12 creatures vanquished.

Grand Total: 242 creatures vanquished

Notes
Turn   | Place    | Note
-------+----------+-------------------------------------------
     0 | D:1      | Maluco the Demigod Conjurer began the quest for the Orb.
     0 | D:1      | Reached XP level 1. HP: 14/14 MP: 5/5
   176 | D:1      | Reached skill level 4 in Conjurations
   178 | D:1      | Reached XP level 2. HP: 15/20 MP: 1/7
   928 | D:1      | You fall into a shaft and drop 1 floor!
   978 | D:2      | Noticed Jessica
  1005 | D:2      | Learned a level 2 spell: Searing Ray
  1011 | D:2      | Noticed Robin
  1046 | D:2      | Killed Robin
  1047 | D:2      | Reached XP level 3. HP: 21/27 MP: 1/8
  1384 | D:3      | Identified the +6 short sword "Embalmer" {pain, Contam
                  | rElec rF+++ Will-}
  1523 | D:4      | Noticed Eustachio
  1566 | D:4      | Reached skill level 1 in Fighting
  1566 | D:4      | Reached XP level 4. HP: 26/35 MP: 5/10
  1844 | D:2      | Killed Jessica
  3283 | D:4      | Noticed a black bear
  3294 | D:4      | Killed a black bear
  3295 | D:4      | Reached skill level 5 in Conjurations
  3295 | D:4      | Reached XP level 5. HP: 9/40 MP: 1/12
  3309 | D:4      | Reached skill level 1 in Shields
  3574 | D:4      | Reached XP level 6. HP: 48/48 MP: 2/13
  3934 | D:4      | Reached skill level 6 in Conjurations
  3967 | D:5      | Entered Level 5 of the Dungeon
  4169 | D:5      | Reached XP level 7. HP: 54/55 MP: 0/14
  4976 | D:5      | Reached skill level 7 in Conjurations
  5645 | D:4      | Noticed Pikel
  5656 | D:4      | Killed Pikel
  5657 | D:4      | Reached skill level 5 in Spellcasting
  5657 | D:4      | Reached XP level 8. HP: 63/63 MP: 13/19
  6084 | D:7      | Reached skill level 8 in Conjurations
  6148 | D:7      | Found a flagged portal.
  6201 | D:7      | Found a staircase to the Ecumenical Temple.
  6323 | D:7      | Reached XP level 9. HP: 46/71 MP: 12/20
  6325 | D:7      | Reached skill level 9 in Conjurations
  6446 | Bailey   | Entered a bailey
  8299 | D:8      | Noticed a cyclops
  8335 | D:8      | Killed a cyclops
  8464 | D:9      | Noticed a centaur warrior
  8729 | D:8      | Noticed Prince Ribbit
  8736 | D:8      | Killed Prince Ribbit
  8737 | D:8      | Reached skill level 5 in Fighting
  8824 | D:8      | Reached XP level 10. HP: 68/81 MP: 24/24
  9605 | D:8      | Reached skill level 10 in Conjurations
 10119 | D:9      | Reached skill level 1 in Hexes
 10295 | D:9      | Reached skill level 5 in Shields
 10308 | D:9      | Reached skill level 1 in Earth Magic
 10629 | D:9      | HP: 3/81 [centaur warrior/arrow (8)]
 10629 | D:9      | Shot with an arrow by a centaur warrior

Illustrated notes

Levels and vault maps discovered:
D:1:      ldierk_water_garden, layout_loops_corners, minmay_small_reverse_x
D:2:      layout_basic, ebering_ecumenical_altar_hall, uniq_robin, uniq_jessica
D:3:      layout_loops_ring, amcnicky_mini_corridor_feature
D:4:      layout_basic, nicolae_overflow_hidden_temple, elyvilon_altar_4,
          uniq_pikel, uniq_eustachio
D:5:      layout_basic
D:6:      layout_basic, yredelemnul_forgotten_temple_becter, serial_demonic,
          serial_demonic_f, serial_demonic_b, serial_demonic_f,
          serial_demonic_b, serial_demonic_d, serial_demonic_g,
          minmay_misc_feat_hallway, st_stairs_13
D:7:      layout_basic, minmay_temple_entry_waves, enter_bailey_3,
          grunt_decor_one_mirror
D:8:      layout_basic, mainiacjoe_overflow_small_starburst, uniq_prince_ribbit1
D:9:      layout_basic, chequers_serial_rivers_large_b

Skill      XL: |  1  2  3  4  5  6  7  8  9 10 |
---------------+-------------------------------+-----
Conjurations   | 4 5 6 7 8 9 10 | 10.7
Dodging        | 2 |  2.0
Spellcasting   | 2 3 5 7 |  7.1
Fighting       | 1 2 3 4 5 |  5.1
Stealth        | 2 |  2.1
Shields        | 1 2 4 5 |  5.0
Hexes          | 2 |  2.7
Earth Magic    | 1 |  1.4
Long Blades    | |  0.2
Axes           | |  0.1
Maces & Flails | |  0.1
Polearms       | |  0.1
Staves         | |  0.5
Ranged Weapons | |  0.1
Throwing       | |  0.1
Summonings     | |  0.2
Necromancy     | |  0.2
Translocations | |  0.5
Transmutations | |  0.2
Fire Magic     | |  0.2
Ice Magic      | |  0.2
Air Magic      | |  0.2
Poison Magic   | |  0.2
Evocations     | |  0.3

Action                   |  1- 3 |  4- 6 |  7- 9 | 10-12 || total
-------------------------+-------+-------+-------+-------++-------
Melee: Dagger            |    29 |       |       |       ||    29
       Unarmed           |     4 |       |       |       ||     4
       Short sword       |       |    27 |    33 |     2 ||    62
 Cast: Magic Dart        |    63 |    51 |    67 |    24 ||   205
       Searing Ray       |     3 |    14 |    83 |    35 ||   135
  Use: Potion            |       |     2 |       |     1 ||     3
Armor: Leather armour    |    19 |       |       |       ||    19
       Ring mail         |       |    41 |    29 |       ||    70
       Scale mail        |       |       |    24 |    18 ||    42
Dodge: Dodged            |    38 |    17 |    55 |    14 ||   124
Block: Buckler           |       |    12 |    18 |    13 ||    43

Table legend: (Time is in decaauts)
 A = Elapsed time spent in this place.
 B = Non-inter-level travel time spent in this place.
 C = Inter-level travel time spent in this place.
 D = Time resting spent in this place.
 E = Time spent auto-exploring this place.
 F = Levels seen in this place.
 G = Mean time per level.
                   A        B        C        D        E       F      G
               +--------+--------+--------+--------+--------+-----+--------+
         Total |  10640 |   6562 |   4078 |   1756 |   2729 |  10 | 1064.0 |
       Dungeon |   9944 |   5866 |   4078 |   1622 |   2649 |   9 | 1104.9 |
        Bailey |    695 |    695 |      0 |    134 |     80 |   1 |  695.0 |
               +--------+--------+--------+--------+--------+-----+--------+

Top non-repeatable levels by time:
     D:8: 1990 daAuts
     D:4: 1666 daAuts
     D:6: 1122 daAuts
     D:1: 1046 daAuts
     D:2: 986 daAuts
     D:5: 982 daAuts
     D:7: 861 daAuts
     D:3: 848 daAuts
  Bailey: 695 daAuts
     D:9: 439 daAuts
